 Seeded DCSS version 0.29-a0-91-gdebf466 (webtiles) character file.

Game seed: 5895907642973097868 (custom seed)

9205 Buxparty the Geomancer (level 11, -1/68 HPs)
             Began as a Formicid Earth Elementalist on Feb 8, 2022.
             Was a Priest of Dithmenos.
             Slain by a basilisk (4 damage)
             ... while petrified by a basilisk
             ... on level 1 of the Lair of Beasts.
             The game lasted 01:15:20 (15074 turns).

Buxparty the Geomancer (FoEE)                      Turns: 15074, Time: 01:15:21

Health: -1/68      AC: 10    Str: 24    XL:     11   Next: 70%
Magic:  23/23      EV:  2    Int: 19    God:    Dithmenos [***...]
Gold:   705        SH:  0    Dex: 11    Spells: 18/26 levels left

rFire   x . .      SeeInvis +   E - +6 dagger of Anguish {vamp, rF- rC++ Str+5}
rCold   + + .      Faith    .   (no shield)
rNeg    + + +      Spirit   .   h - +1 steam dragon scales
rPois   ∞          Reflect  +   (helmet unavailable)
rElec   .          Harm     .   k - +0 cloak
rCorr   .          Rampage  .   (no gloves)
Will    +....                   f - +2 pair of boots
Stlth   ++++......              n - amulet of reflection
HPRegen 0.21/turn               y - +6 ring of strength
MPRegen 0.18/turn               (no ring)

@: petrified, wreathed by umbra
A: permanent stasis, dig shafts and tunnels, antennae 3, four strong arms
a: Dig, Shaft Self, Renounce Religion, Shadow Step


You were on level 1 of the Lair of Beasts.
You worshipped Dithmenos.
Dithmenos was most pleased with you.
You visited 3 branches of the dungeon, and saw 11 of its levels.

You collected 705 gold pieces.

Inventory:

Hand Weapons
 A - a +4 dagger of venom
 E - the +6 dagger of Anguish (weapon) {vamp, rF- rC++ Str+5}
   (You found it on level 9 of the Dungeon)

   It occasionally heals its wielder for a portion of the damage dealt when it
   wounds a living foe.
   Str:       It affects your strength (+5).
   rF:        It makes you vulnerable to fire.
   rC:        It greatly protects you from cold.
Missiles
 c - 114 stones
 l - 10 atropa-tipped darts
 m - 132 arrows
 t - 17 poisoned darts
Armour
 b - a +0 robe
 f - a +2 pair of boots (worn)
 h - +1 steam dragon scales (worn)
 k - a +0 cloak (worn)
Jewellery
 n - an amulet of reflection (around neck)
 y - a +6 ring of strength (left hand)
Wands
 a - a wand of polymorph (19)
 d - a wand of iceblast (6)
 C - a wand of flame (26)
Scrolls
 g - a scroll of immolation {unknown}
 i - 2 scrolls of enchant weapon
 q - 2 scrolls of fear
 s - a scroll of fog
 u - a scroll of brand weapon
 v - 2 scrolls of magic mapping
 x - a scroll of amnesia
 z - a scroll of torment
 D - a scroll of holy word
 G - a scroll of identify
Potions
 e - 2 potions of cancellation
 j - 4 potions of curing
 o - a potion of lignification
 r - 4 potions of mutation {unknown}
 w - a potion of might {unknown}
 B - 10 potions of degeneration
 H - a potion of brilliance
Miscellaneous
 F - a box of beasts


   Skills:
 + Level 5.8 Throwing
 + Level 6.1 Dodging
 - Level 5.0 Stealth
 + Level 8.1 Spellcasting
 - Level 5.8 Conjurations
 + Level 5.2 Summonings
 - Level 2.1 Transmutations
 + Level 5.2 Ice Magic
 + Level 9.8 Earth Magic


You had 18 spell levels left.
You knew the following spells:

 Your Spells              Type           Power      Damage    Failure   Level
a - Sandblast             Erth           90%        2d19      1%          1
b - Stone Arrow           Conj/Erth      74%        3d11      1%          3
c - Summon Ice Beast      Ice/Summ       27%        N/A       11%         4

Your spell library contained the following spells:

 Spells                   Type           Power      Damage    Failure   Level
 Passwall                 Tmut/Erth      25%        N/A       1%          2
 Frozen Ramparts          Ice            54%        1d7       3%          3
 Petrify                  Tmut/Erth      30%        N/A       8%          4
 Ice Form                 Ice/Tmut       21%        N/A       21%         4


Dungeon Overview and Level Annotations

Branches:
Dungeon (9/15)             Temple (1/1) D:5            Lair (1/6) D:8
    Orc (0/2) D:9

Altars:
Ashenzari
Cheibriados
Dithmenos
Elyvilon
Fedhas
Gozag
Hepliaklqana
Kikubaaqudgha
Makhleb
Nemelex Xobeh
Okawaru
Qazlal
Ru
Sif Muna
Trog
Uskayaw
Wu Jian
Xom
Yredelemnul
Zin
The Shining One
Jiyva

Shops:
D:4 ?

Annotations:
D:6 exclusion: oklob plant
D:7 exclusion: ice statue
D:9 1 runed translucent door


Innate Abilities, Weirdness & Mutations

You cannot be hasted, slowed, berserked, paralysed or teleported.
You can dig through walls and to a lower floor.
You have a pair of large antennae on your head. (SInv)
Your four strong arms can wield two-handed weapons with a shield.


Message History

* * * LOW HITPOINT WARNING * * *
The wolf closely misses you. The wolf misses you. The basilisk gazes at you.
You are slowing down.
The wolf bites you but does no damage.
Unknown command.
You feel much better. The wolf bites you. The wolf barely misses you.
The wolf bites you but does no damage. You block the wolf's attack.
The wolf barely misses you.
Your limbs are stiffening.
You block the wolf's attack.
The wolf bites you but does no damage. x2
You have turned to stone.
The wolf bites you but does no damage. The wolf bites you. x4
The wolf bites you but does no damage. The wolf bites you. The wolf bites you!
The wolf barely misses you. The wolf bites you.
The wolf bites you but does no damage. x2; The wolf bites you.
The wolf bites you!
* * * LOW HITPOINT WARNING * * *
The wolf bites you but does no damage. x2; The basilisk bites you!
* * * LOW HITPOINT WARNING * * *
The wolf bites you.
* * * LOW HITPOINT WARNING * * *
The wolf bites you but does no damage. The wolf bites you.
* * * LOW HITPOINT WARNING * * *
The wolf bites you but does no damage.
The basilisk bites you but does no damage.
The wolf bites you but does no damage. x2; The basilisk bites you!
* * * LOW HITPOINT WARNING * * *
The wolf bites you.
* * * LOW HITPOINT WARNING * * *
The wolf barely misses you.
The wolf bites you but does no damage. x2
The basilisk gazes at you. The basilisk bites you!
* * * LOW HITPOINT WARNING * * *
The wolf bites you but does no damage. The wolf completely misses you.
The wolf bites you!
* * * LOW HITPOINT WARNING * * *
The basilisk bites you!
You die...

#.##### ##.....#
####### ##......##
....#P###.......P#
...#....†.#####.##
...†....### ##..#
##.....†######..###
#P......##...#.l..#
##P....###.....l@.#
#P.....###.....hh.#
##P...>....##...#.#
..........###...###
.................#
......#..........#
##....#..........#
###...#.##...#.##
#....#......#.#


You could see 2 basilisks and 2 wolves.

Vanquished Creatures
  Gastronok (D:9)
  A two-headed ogre (D:9)
  Maggie (D:7)
  A komodo dragon (Lair:1)
  Grinder (D:3)
  A hornet (D:7)
  A shadow (D:9)
  A wyvern (D:9)
  9 yaks
  A steam dragon (D:9)
  A water moccasin (Lair:1)
  An ice beast (D:7)
  A swamp drake (D:9)
  4 orc warriors
  2 ogres
  3 wolves (Lair:1)
  A necrophage (D:5)
  5 centaurs
  2 phantoms
  A kobold brigand (D:9)
  A gnoll sergeant (D:6)
  6 bullfrogs
  2 scorpions
  A wyvern skeleton (D:5)
  A water moccasin skeleton (D:3)
  8 wights
  12 killer bees
  A howler monkey (D:8)
  2 centaur zombies
  5 bullfrog zombies
  A centaur skeleton (D:7)
  16 jellies
  3 hounds
  3 orc priests (D:4)
  Terence (D:2)
  Crazy Yiuf (D:4)
  A scorpion zombie (D:5)
  An iguana (D:5)
  6 orc wizards
  A hound skeleton (D:4)
  A howler monkey zombie (D:6)
  15 gnolls
  A howler monkey skeleton (D:6)
  8 adders
  A shadow imp (D:7)
  A white imp (D:7)
  3 worms
  3 dart slugs (D:1)
  37 orcs
  22 endoplasms
  5 giant cockroaches
  11 hobgoblins
  14 kobolds
  2 quokkas
  8 ball pythons
  8 bats
  5 frilled lizards
  6 goblins
  3 rats
  A spectral orc (D:8)
267 creatures vanquished.

Vanquished Creatures (others)
  An orc (D:6)
  6 fungi
  81 plants
88 creatures vanquished.

Grand Total: 355 creatures vanquished

Notes
Turn   | Place    | Note
-------+----------+-------------------------------------------
     0 | D:1      | Buxparty the Formicid Earth Elementalist began the quest
                  | for the Orb.
     0 | D:1      | Reached XP level 1. HP: 13/13 MP: 3/3
    87 | D:1      | Reached XP level 2. HP: 19/19 MP: 0/5
   530 | D:1      | Reached XP level 3. HP: 24/24 MP: 2/6
   663 | D:1      | Learned a level 3 spell: Stone Arrow
  1346 | D:2      | Reached skill level 4 in Earth Magic
  1410 | D:2      | Noticed Terence
  1427 | D:2      | Killed Terence
  1428 | D:2      | Reached XP level 4. HP: 30/30 MP: 1/8
  1878 | D:2      | Found a faded altar of an unknown god.
  2132 | D:3      | Noticed Grinder
  2366 | D:3      | Reached XP level 5. HP: 35/35 MP: 5/9
  2473 | D:3      | Found a sacrificial altar of Ru.
  2678 | D:3      | Found a large runed translucent door.
  2678 | D:3      | Found a large runed translucent door.
  3007 | D:4      | Found a runed translucent door.
  3008 | D:4      | Noticed Crazy Yiuf
  3045 | D:4      | Reached skill level 1 in Conjurations
  3419 | D:4      | Reached XP level 6. HP: 41/41 MP: 7/10
  3434 | D:4      | Reached skill level 5 in Earth Magic
  3780 | D:4      | Found Lojakij's Magic Scroll Emporium.
  4221 | D:4      | Found an iron altar of Okawaru.
  4325 | D:4      | Reached XP level 7. HP: 46/46 MP: 5/12
  5276 | D:5      | Entered Level 5 of the Dungeon
  5647 | D:5      | Noticed a yak
  5782 | D:4      | Killed Crazy Yiuf
  5907 | D:3      | Killed a yak
  5908 | D:3      | Reached skill level 6 in Earth Magic
  5908 | D:3      | Reached XP level 8. HP: 42/52 MP: 1/15
  6292 | D:5      | Reached skill level 5 in Spellcasting
  6292 | D:5      | Reached skill level 5 in Conjurations
  6576 | D:5      | Reached skill level 1 in Throwing
  6798 | D:5      | Found a staircase to the Ecumenical Temple.
  6832 | Temple   | Entered the Ecumenical Temple
  7089 | Temple   | Became a worshipper of Dithmenos the Shadowed
  7143 | D:5      | Found a sparkling altar of Nemelex Xobeh.
  7230 | D:3      | Reached XP level 9. HP: 57/57 MP: 8/17
  7306 | D:3      | Killed Grinder
  7307 | D:3      | Reached skill level 7 in Earth Magic
  7737 | D:3      | Found a shimmering altar of Xom.
  7990 | D:5      | Found a white marble altar of Elyvilon.
  8326 | D:5      | Reached * piety under Dithmenos
  8752 | D:6      | Reached skill level 5 in Stealth
  8757 | D:6      | Learned a level 4 spell: Summon Ice Beast
  8809 | D:6      | Noticed an oklob plant
  9069 | D:6      | Reached skill level 1 in Summonings
  9069 | D:6      | Reached skill level 1 in Ice Magic
  9195 | D:6      | Reached ** piety under Dithmenos
  9377 | D:6      | Found a stormy altar of Qazlal.
 10294 | D:7      | Reached skill level 8 in Earth Magic
 10294 | D:7      | Reached XP level 10. HP: 63/63 MP: 14/19
 10368 | D:7      | Found a large runed translucent door.
 10369 | D:7      | Found a large runed translucent door.
 11165 | D:7      | Noticed an ice statue
 11450 | D:7      | Found a hide-covered altar of Uskayaw.
 11494 | D:7      | Noticed Maggie
 11501 | D:7      | Killed Maggie
 11654 | D:7      | Found an opulent altar of Gozag.
 11659 | D:7      | Found a burning altar of Makhleb.
 11757 | D:8      | Found a viscous altar of Jiyva.
 11947 | D:8      | Found a staircase to the Lair.
 12317 | D:8      | Found a hazy altar of Hepliaklqana.
 12490 | D:9      | Identified the +6 dagger of Anguish {vamp, rF- rC++ Str+5}
 12504 | D:9      | Noticed Gastronok
 12514 | D:9      | Noticed a two-headed ogre
 12530 | D:9      | Killed a two-headed ogre
 12531 | D:9      | Reached skill level 5 in Dodging
 12569 | D:9      | Killed Gastronok
 12570 | D:9      | Reached skill level 5 in Throwing
 12570 | D:9      | Reached skill level 9 in Earth Magic
 12570 | D:9      | Reached XP level 11. HP: 68/68 MP: 0/22
 13575 | D:9      | Reached *** piety under Dithmenos
 13648 | D:9      | Noticed a cyclops
 13663 | D:9      | Found a runed translucent door.
 13749 | D:9      | Found a staircase to the Orcish Mines.
 14523 | Lair:1   | Entered Level 1 of the Lair of Beasts
 14558 | Lair:1   | Reached skill level 5 in Summonings
 14630 | Lair:1   | Reached skill level 5 in Ice Magic
 15074 | Lair:1   | HP: 3/68 [wolf (3)]
 15074 | Lair:1   | Slain by a basilisk

Illustrated notes

Levels and vault maps discovered:
D:1:      lemuel_arrival_cross, layout_basic, minivault_4
D:2:      layout_basic, chequers_ecumenical_altar_simple_redux, uniq_terence
D:3:      due_chaos_kobolds, layout_basic, mainiacjoe_overflow_paths,
          nrook_mini_vaults, minmay_misc_feat_diagonals,
          nicolae_figureground_sparkle, uniq_grinder
D:4:      nicolae_cairo_tiling, layout_rooms, okawaru_altar_gauntlet_db,
          serial_shops, shop, hex_large, grunt_decor_clamped,
          guppyfry_early_orc_mine, uniq_crazy_yiuf_cottage
D:5:      layout_basic, mainiacjoe_overflow_big_doors,
          minmay_temple_entry_poolview, serial_bayou, serial_bayou_pond_b,
          serial_bayou_lagoon_a, serial_bayou_pond_e, serial_bayou_pond_a,
          serial_bayou_lake_a, serial_bayou_pond_d, chequers_avenue,
          serial_park_tiny_pond
D:6:      lemuel_slime, layout_gridville, grunt_qazlal_clouds,
          minmay_crystal_room
D:7:      lemuel_ice_statue, layout_cave_pods, kennysheep_mini_moat,
          jmf_multi_god_temple2, uniq_maggie
D:8:      layout_basic, nicolae_hepliaklqana_monster_ancestors,
          lair_entry_dummy, jiyva_altar_1
D:9:      layout_basic, erik_orc_1, minmay_st_funbox, uniq_gastronok
Temple:   minmay_temple_bridge_abc
Lair:1:   layout_misc_corridors, grunt_megastairs_2

Skill      XL: |  1  2  3  4  5  6  7  8  9 10 11 |
---------------+----------------------------------+-----
Dodging        | 2 4 5 6 |  6.1
Stealth        | 3 4 5 |  5.0
Earth Magic    | 4 5 6 8 9 |  9.8
Transmutations | 2 |  2.1
Spellcasting   | 3 4 5 6 7 8 |  8.1
Conjurations   | 1 2 4 5 |  5.8
Throwing       | 1 3 5 |  5.8
Summonings     | 2 4 5 |  5.2
Ice Magic      | 2 4 5 |  5.2

Action                   |  1- 3 |  4- 6 |  7- 9 | 10-12 || total
-------------------------+-------+-------+-------+-------++-------
Melee: Unarmed           |     3 |     7 |       |       ||    10
       Dagger            |       |    68 |       |    36 ||   104
 Cast: Sandblast         |    39 |    39 |   109 |   124 ||   311
       Stone Arrow       |       |    33 |    83 |    65 ||   181
  Use: Potion            |     4 |     3 |     1 |     2 ||    10
       Scroll            |       |     5 |       |    10 ||    15
 Stab: Sleeping          |       |       |       |     1 ||     1
Armor: Skin              |     6 |       |       |       ||     6
       Robe              |     2 |    30 |     5 |     2 ||    39
       Steam dragon scal |       |       |       |    58 ||    58
Dodge: Dodged            |     3 |    62 |    25 |   102 ||   192
Block: Other             |       |    18 |    12 |    18 ||    48
       Reflection        |       |       |     1 |     1 ||     2

Table legend: (Time is in decaauts)
 A = Elapsed time spent in this place.
 B = Non-inter-level travel time spent in this place.
 C = Inter-level travel time spent in this place.
 D = Time resting spent in this place.
 E = Time spent auto-exploring this place.
 F = Levels seen in this place.
 G = Mean time per level.
                   A        B        C        D        E       F      G
               +--------+--------+--------+--------+--------+-----+--------+
         Total |  15126 |  14460 |    666 |   1991 |   9721 |  11 | 1375.1 |
       Dungeon |  14297 |  13649 |    648 |   1801 |   9347 |   9 | 1588.6 |
        Temple |    276 |    258 |     18 |      0 |    174 |   1 |  276.0 |
          Lair |    552 |    552 |      0 |    190 |    200 |   1 |  552.0 |
               +--------+--------+--------+--------+--------+-----+--------+

Top non-repeatable levels by time:
     D:4: 2579 daAuts
     D:3: 1802 daAuts
     D:5: 1755 daAuts
     D:9: 1653 daAuts
     D:7: 1642 daAuts
     D:6: 1609 daAuts
     D:1: 1343 daAuts
     D:8: 1168 daAuts
     D:2: 743 daAuts
  Lair:1: 552 daAuts
  Temple: 276 daAuts
